[Event "Klubbmästerskap 2025 Tisdag"]
[Site "Linköping, Sweden"]
[Date "2025.04.08"]
[Round "9.1"]
[White "Rosenbecker, Daniel"]
[Black "Malm, Simon 1995"]
[Result "1/2-1/2"]
[TimeControl "90 min + 30 sec/move"]
[WhiteTitle "CM"]
[WhiteElo "2110"]
[BlackElo "1976"]

1. b3 d5 2. Bb2 c5 3. e3 Nc6 4. Nf3 Bg4 5. Be2 Nf6 6. c4 e6 7. O-O dxc4 8. bxc4 Be7 9. d4 O-O 10.
Nbd2 h6 11. Ne5 Bxe2 12. Qxe2 Qc7 13. Ndf3 Nd7 14. Nxd7 Qxd7 15. Rfd1 cxd4 16. exd4 Rfe8 17. d5 exd5 18. cxd5 Nb4 19.
Qd2 Bd6 20. a3 Na6 21. Qd4 f5 22. Re1 Nc5 23. Rad1 Ne4 24. Qd3 Bc5 25. Re2 Rad8 26. Ne5 Qc7 27. Nc4 b5 28. Nd2 Qf7 29. Nxe4 fxe4 30. Qxb5 Bd6 31.
Qc4 Rc8 32. Qd4 Re7 33. g3 Rb8 34. Rde1 Rb5 35. Rxe4 Rxe4 36. Rxe4 Rxd5 37. Re8+ Bf8 38. Qe4 Rd2 39. Bd4 Rxd4 40.
Rxf8+ Qxf8 41. Qxd4 Qxa3 42. Qd5+ 1/2-1/2

[Event "Klubbmästerskap 2025 Tisdag"]
[Site "Linköping, Sweden"]
[Date "2025.04.08"]
[Round "9.2"]
[White "Grundel, Sam"]
[Black "Thyberg, André"]
[Result "1-0"]
[TimeControl "90 min + 30 sec/move"]
[WhiteElo "2019"]
[BlackElo "1961"]

1. e4 e5 2. Nf3 Nc6 3. Bc4 Bc5 4. c3 Nf6 5. d3 a6 6. Bb3 h6 7. O-O Ba7 8. Re1 O-O 9. h3 d6 10.
Nbd2 Be6 11. Bc2 Nh7 12. Nf1 Ne7 13. d4 Ng6 14. Ng3 Nh4 15. Be3 Nxf3+ 16. Qxf3 Ng5 17. Qh5 f6 18. h4 Nh7 19.
Nf5 Bxf5 20. Qxf5 Qe8 21. Qg4 Kh8 22. Bb3 f5 23. exf5 Nf6 24. Qh3 Qh5 25. dxe5 dxe5 26. Bxa7 Rxa7 27.
Rxe5 Ng4 28. Bd1 1-0

[Event "Klubbmästerskap 2025 Tisdag"]
[Site "Linköping, Sweden"]
[Date "2025.04.08"]
[Round "9.3"]
[White "Andersson, Mats 1960"]
[Black "Carlsson, Ingvar"]
[Result "1-0"]
[TimeControl "90 min + 30 sec/move"]
[WhiteTitle "FM"]
[WhiteElo "2263"]
[BlackElo "1996"]

1. c4 f5 2. Nf3 Nf6 3. g3 d6 4. Bg2 e5 5. b4 g6 6. Bb2 Bg7 7. O-O O-O 8. d3 a5 9. a3 axb4 10.
axb4 Rxa1 11. Bxa1 h6 12. Nc3 g5 13. c5 Qe8 14. cxd6 cxd6 15. Nd2 Nc6 16. Nc4 Qe7 17. b5 Nd8 18.
Qb3 Be6 19. Qb4 Nf7 20. Bb2 Rd8 21. Ra1 Bf8 22. Ra7 Qe8 23. Qa4 d5 24. Na5 b6 25. Nc6 Rc8 26. Ba3 Nd6 27. h3 Bf7 28.
Bxd6 Bxd6 29. Qa6 d4 30. Na4 Nd5 31. Nxb6 Nxb6 32. Qxb6 Qf8 33. Qa6 Bc5 34. b6 1-0

[Event "Klubbmästerskap 2025 Tisdag"]
[Site "Linköping, Sweden"]
[Date "2025.04.08"]
[Round "9.4"]
[White "Olsson, Simon"]
[Black "Rogoz, Vladyslav"]
[Result "1-0"]
[TimeControl "90 min + 30 sec/move"]
[WhiteElo "2075"]
[BlackElo "2099"]

1. d4 e6 2. c4 b6 3. Nf3 Bb7 4. g3 f5 5. Bg2 Nf6 6. Nc3 Bb4 7. Bd2 O-O 8. O-O d6 9. Ng5 Bxg2 10.
Kxg2 Bxc3 11. Bxc3 Re8 12. d5 Nxd5 13. Nxe6 Nxc3 14. bxc3 Rxe6 15. Qd5 Qe8 16. Qxa8 Qc6+ 17. Qxc6 Nxc6 18.
e3 Re4 19. c5 dxc5 20. Rfd1 Re7 21. Rd5 g6 22. h3 Kf7 23. g4 Ke6 24. Rad1 fxg4 25. hxg4 Ne5 26. Kg3 Nf7 27. f4 Kf6 28.
g5+ Ke6 29. Kf3 c6 30. R5d2 b5 31. e4 a5 32. e5 c4 33. Ke4 c5 34. a3 b4 35. axb4 axb4 36. Ra2 Rb7 37. Ra6+ Ke7 38.
Rc6 bxc3 39. Rxc5 c2 40. Rc1 Rb4 41. Rxc2 c3+ 42. Ke3 h6 43. Rc7+ Ke6 44. R2xc3 hxg5 45. R3c6+ Kd5 46. Rc5+ Ke6 47.
R7c6+ Ke7 48. fxg5 Nxg5 49. Rxg6 Rb3+ 50. Ke2 Rb2+ 51. Kd1 Rd2+ 52. Kxd2 Ne4+ 53. Ke3 Nxc5 54. Rc6 Ne6 55. Ke4 Nd8 56.
Ra6 Ne6 57. Ra7+ Ke8 58. Kd5 Ng5 59. Rg7 Nf7 60. Rxf7 Kxf7 61. Kd6 Ke8 62. Ke6 1-0

[Event "Klubbmästerskap 2025 Tisdag"]
[Site "Linköping, Sweden"]
[Date "2025.04.08"]
[Round "9.5"]
[White "Martinelle, Christoffer"]
[Black "Andersson, Fredrik 1969"]
[Result "1/2-1/2"]
[TimeControl "90 min + 30 sec/move"]
[WhiteElo "1765"]
[BlackElo "1746"]

1. c4 e5 2. g3 Nf6 3. Bg2 d5 4. cxd5 Nxd5 5. Nf3 Nc6 6. O-O Nb6 7. Nc3 Be7 8. d3 O-O 9. Be3 Be6 10.
Rc1 f6 11. a3 Qc8 12. b4 Bh3 13. Qb3+ Kh8 14. b5 Bxg2 15. Kxg2 Nd8 16. a4 Nd7 17. Nd5 Bd6 18. Nd2 b6 19.
Ne4 Nc5 20. Bxc5 bxc5 21. Nxc5 Qg4 22. f3 Qg6 23. Na6 Ne6 24. Kh1 e4 25. f4 Nd4 26. Qd1 Nf5 27. Qe1 exd3 28. exd3 Rae8 29.
Qf2 Qh5 30. Rce1 Nxg3+ 31. Qxg3 Qxd5+ 32. Kg1 Qd4+ 33. Qf2 Qxf2+ 34. Kxf2 Bxf4 35. h3 Bd6 36. Rc1 Rf7 37. Rc6 g5 38.
Rfc1 Ree7 39. Nb8 1/2-1/2

[Event "Klubbmästerskap 2025 Tisdag"]
[Site "Linköping, Sweden"]
[Date "2025.04.08"]
[Round "9.6"]
[White "Gustavsson, Rolf"]
[Black "Modéer, Björn"]
[Result "0-1"]
[TimeControl "90 min + 30 sec/move"]
[WhiteElo "1695"]
[BlackElo "1700"]

1. d4 d5 2. Bg5 c6 3. e3 Bf5 4. Nf3 Qb6 5. Qc1 h6 6. Bf4 Nf6 7. Nbd2 Nbd7 8. h3 Rc8 9. Be2 c5 10.
c3 e6 11. a4 Bd6 12. dxc5 Bxc5 13. a5 Qc6 14. O-O Bd6 15. Bxd6 Qxd6 16. Nd4 Bg6 17. Nb5 Qb8 18. Qd1 O-O 19.
Nf3 a6 20. Nbd4 Ne4 21. c4 Ndf6 22. cxd5 Nxd5 23. Bd3 Qd6 24. Bxe4 Bxe4 25. Nd2 Bd3 26. Re1 Rc7 27. e4 Nb4 28.
N2f3 Rc4 29. Ra4 Rxd4 30. Nxd4 Qxd4 31. Rxb4 Qxb4 32. Qxd3 Qxe1+ 0-1

[Event "Klubbmästerskap 2025 Tisdag"]
[Site "Linköping, Sweden"]
[Date "2025.04.08"]
[Round "9.7"]
[White "Jakobsson, Leif"]
[Black "Ivarsson, Simon"]
[Result "1-0"]
[TimeControl "90 min + 30 sec/move"]
[WhiteElo "1714"]
[BlackElo "1771"]

1. e4 c5 2. Nc3 Nc6 3. Bc4 e6 4. Nf3 a6 5. a4 b6 6. O-O Qc7 7. Ba2 Bb7 8. d4 cxd4 9. Nxd4 Bc5 10.
Be3 Nge7 11. Nxc6 Qxc6 12. Bxc5 bxc5 13. Qg4 O-O 14. Rad1 d6 15. Rd3 c4 16. Rg3 g6 17. Qh4 Rae8 18.
Rh3 h5 19. g4 Kg7 20. gxh5 Rh8 21. h6+ Kh7 22. Qf6 Rhg8 23. Qxf7+ Kh8 24. Qxe6 Rgf8 25. Qxc4 Rf4 26. Qd4+ 1-0

[Event "Klubbmästerskap 2025 Tisdag"]
[Site "Linköping, Sweden"]
[Date "2025.04.08"]
[Round "9.8"]
[White "Andersson, Albin"]
[Black "Tonkin, Archie"]
[Result "1-0"]
[TimeControl "90 min + 30 sec/move"]
[WhiteElo "1614"]
[BlackElo "1657"]

1. e4 c6 2. d4 d5 3. e5 e6 4. Nf3 h6 5. Bd3 c5 6. c3 c4 7. Bc2 Nc6 8. Bf4 Nge7 9. Nbd2 g6 10.
Nf1 Nf5 11. h4 b5 12. Qd2 Bd7 13. Ne3 Nxe3 14. Qxe3 Ne7 15. g4 Bg7 16. Ke2 Qb6 17. Rhb1 Ng8 18. h5 g5 19. Bg3 Qd8 20.
Nh2 Bf8 21. Rf1 Be7 22. f4 Kf8 23. fxg5 Bxg5 24. Qf3 Be8 25. Rf2 Ke7 26. a4 a6 27. Rff1 Kd7 28. axb5 axb5 29. Qf2 Kc7 30.
Nf3 Rxa1 31. Rxa1 Kb7 32. Qf1 Ne7 33. Nxg5 hxg5 34. Qf6 Rf8 35. Qxg5 Rg8 36. Qf4 Nc6 37. Rh1 Qg5 38. Qxg5 Rxg5 39.
h6 Rg8 40. Bh4 Rxg4 41. h7 Rg7 42. h8=Q 1-0

[Event "Klubbmästerskap 2025 Tisdag"]
[Site "Linköping, Sweden"]
[Date "2025.04.08"]
[Round "9.13"]
[White "Qwarfort, Fredrik"]
[Black "Stefanovic, Dragan 1958"]
[Result "1/2-1/2"]
[TimeControl "90 min + 30 sec/move"]
[WhiteElo "1826"]
[BlackElo "1791"]

1. d4 Nf6 2. c4 c5 3. Nf3 cxd4 4. Nxd4 e5 5. Nf3 Bc5 6. Nc3 Nc6 7. e3 O-O 8. Be2 a6 9. O-O e4 10.
Nd4 d6 11. a3 Qc7 12. b4 Ba7 13. Bb2 Ne5 14. Nd5 Nxd5 15. cxd5 f5 16. Rc1 Qf7 17. Ne6 Bxe6 18. Bxe5 Bxd5 19.
Bxd6 Rfd8 20. Bf4 Rac8 21. Rxc8 Rxc8 22. Qd2 Bc4 23. Rc1 b5 24. Kf1 Bxe2+ 25. Kxe2 Rxc1 26. Qxc1 Qd7 27. Qc3 Bb6 28.
h3 Bd8 29. Be5 1/2-1/2

[Event "Klubbmästerskap 2025 Tisdag"]
[Site "Linköping, Sweden"]
[Date "2025.04.08"]
[Round "9.14"]
[White "Davidsson, Asker"]
[Black "Ahlström, Per"]
[Result "0-1"]
[TimeControl "90 min + 30 sec/move"]
[WhiteElo "1823"]
[BlackElo "1820"]

1. c4 e5 2. Nc3 Nf6 3. g3 d5 4. cxd5 Nxd5 5. Bg2 Nb6 6. e3 Nc6 7. Nge2 Be7 8. f4 O-O 9. fxe5 Nxe5 10.
d4 Ng4 11. h3 Nf6 12. O-O c6 13. e4 h6 14. Kh2 Re8 15. Qd3 a5 16. Be3 a4 17. Nf4 Bf8 18. e5 Nfd5 19. Nfxd5 Nxd5 20.
Nxd5 cxd5 21. Rac1 Be6 22. Rc3 Bb4 23. Rc2 Qd7 24. Bd2 Be7 25. Bc3 Rec8 26. g4 Ra6 27. Rff2 Rac6 28. Ba5 Bh4 29.
Rfe2 Bg5 30. Bb4 Bf4+ 31. Kg1 Rxc2 32. Rxc2 Rxc2 33. Qxc2 Be3+ 34. Kh2 Bxd4 35. Bc3 Qc6 36. Qd2 Ba7 37.
g5 h5 38. a3 Qc5 39. Qd1 d4 40. Be1 Qxe5+ 41. Bg3 Qe3 42. Qxa4 d3 43. Qd1 d2 44. b4 Qg1+ 0-1

[Event "Klubbmästerskap 2025 Tisdag"]
[Site "Linköping, Sweden"]
[Date "2025.04.08"]
[Round "9.15"]
[White "Nagy, Mate 2009"]
[Black "Skytt, Klas"]
[Result "1-0"]
[TimeControl "90 min + 30 sec/move"]
[WhiteElo "1917"]
[BlackElo "1764"]

1. e4 Nf6 2. e5 Nd5 3. d4 d6 4. c4 Nb6 5. exd6 exd6 6. Nf3 Bg4 7. Be2 Be7 8. O-O O-O 9. a4 d5 10. c5 N6d7 11. Qb3 Nc6 12. Be3 Qc8 13. Nc3 Nf6 14. Nxd5 Nxd5 15. Qxd5 Rd8 16. Qc4 Be6 17. Qc3 Bf6 18. Rfd1 Ne7 19. Ne1 Nd5 20. Qa3 c6 21. Bf3 Qc7 22. Nd3 Qe7 23. Bxd5 Bxd5 24. Qc3 Re8 25. Re1 Qd8 26. Bf4 Rxe1+ 27. Rxe1 Bxg2 28. Kxg2 Qd5+ 29. f3 Bxd4 30. Qc2 Qf5 31. Qe2 Qg6+ 32. Bg3 h5 33. Qe4 Qf6 34. b4 a6 35. a5 g5 36. Bd6 Kg7 37. Ne5 Bc3 38. Re3 Bd2 39. Nd7 Qe6 40. Qd4+ 1-0